 Dungeon Crawl Stone Soup version 0.22.1-1-ga44c0e5 (webtiles) character file.

1995 Folque the Slinger (level 9, -2/56 HPs)
             Began as a Halfling Hunter on Sept 22, 2018.
             Killed by divine providence
             ... invoked by an orc priest
              (14 damage)
             ... on level 6 of the Dungeon.
             The game lasted 00:35:27 (5916 turns).

Folque the Slinger (Halfling Hunter)                Turns: 5916, Time: 00:35:28

Health: -2/56      AC:  4    Str: 14    XL:     9   Next: 45%
Magic:  10/10      EV: 17    Int:  9    God:
Gold:   287        SH:  8    Dex: 17    Spells: 8/8 levels left

rFire    + . .     SeeInvis .   l - +2 short sword (venom)
rCold    + . .     Gourm    .   p - +1 buckler
rNeg     . . .     Faith    .   c - +1 leather armour
rPois    .         Spirit   .   (no helmet)
rElec    .         Reflect  .   v - scarf {rC+ rF+}
rCorr    .         Harm     .   (no gloves)
MR       .....                  (no boots)
Stlth    +++.......             s - amulet of rage
HPRegen  0.18/turn              (no ring)
MPRegen  0.12/turn              (no ring)

@: very slightly contaminated, slowed, invisible, very slow
A: small, mutation resistance 1
a: Evoke Berserk Rage


You were on level 6 of the Dungeon.
You were not hungry.

You visited 1 branch of the dungeon, and saw 6 of its levels.
You also visited: Sewer.

You collected 287 gold pieces.

Inventory:

Hand Weapons
 a - a +1 hunting sling
 b - a +0 short sword
 g - a +0 vampiric dagger
 l - a +2 short sword of venom (weapon)
 r - a +2 dagger of electrocution
 K - a +0 blowgun
Missiles
 d - 23 sling bullets
 h - 318 stones (quivered)
 o - 33 poisoned needles
Armour
 c - a +1 leather armour (worn)
 p - a +1 buckler (worn)
 v - a scarf of resistance (worn)
 O - a +1 scale mail of cold resistance
 P - a +0 cloak
Magical Staves
 B - an uncursed staff of energy {unknown}
Jewellery
 s - an amulet of rage (around neck)
 E - an uncursed amulet of regeneration
 I - an uncursed ring of protection from cold {unknown}
Wands
 w - a wand of polymorph (9)
Scrolls
 e - a scroll of random uselessness
 i - a scroll of enchant weapon {unknown}
 j - a scroll of noise
 m - 3 scrolls of magic mapping
 y - 2 scrolls of immolation {unknown}
 C - a scroll of teleportation {unknown}
 D - a scroll of fear {unknown}
 F - 2 scrolls of remove curse {unknown}
Potions
 k - 3 potions of mutation
 q - 2 potions of degeneration {unknown}
 t - 2 potions of might {unknown}
 u - 3 potions of curing
 z - a potion of ambrosia {unknown}
 A - a potion of cancellation {unknown}
 G - a potion of brilliance
 H - a potion of agility
 J - a potion of resistance {unknown}
 L - 2 potions of flight
 M - a potion of heal wounds
Comestibles
 f - 15 rations


   Skills:
 - Level 3.1 Fighting
 - Level 3.0 Short Blades
 - Level 8.3 Slings
 - Level 5.0 Armour
 * Level 5.1 Dodging
 - Level 6.0 Stealth
 - Level 6.0 Shields
 - Level 2.2 Evocations


You had 8 spell levels left.
You didn't know any spells.
Your spell library contained the following spells:

 Spells                   Type           Power        Failure   Level  Hunger
 Animate Skeleton         Necr           N/A          45%         1    ##.....
 Apportation              Tloc           #.....       45%         1    ##.....
 Confusing Touch          Hex            #.....       45%         1    ##.....
 Summon Small Mammal      Summ           #...         45%         1    ##.....


Dungeon Overview and Level Annotations

Branches:
Dungeon (6/15)
 Temple: D:4-7

Altars:
Gozag
Kikubaaqudgha
Nemelex Xobeh
Qazlal
Ru
Sif Muna
Wu Jian

Annotations:
D:2 Natasha
D:3 1 runed door, whitewolfNL's ghost, amateur OpTm


Innate Abilities, Weirdness & Mutations

You are small and have problems with some larger weapons.
You are somewhat resistant to further mutation.


Message History

Aim: an orc wizard, wielding a dagger and wearing a robe (moderately wounded, You shoot a sling bullet.
Reactivating autopickup.
You feel a bit more experienced.
Wield which item (- for none, * to show all)? (? for menu, Esc to quit)
Your +2 short sword of venom begins to drip with poison!
l - a +2 short sword of venom (weapon)
You hit the orc warrior.
The orc warrior is poisoned.
The orc warrior is almost dead.
The orc warrior hits you with a war axe.
* * * LOW HITPOINT WARNING * * *
You feel better. The orc warrior closely misses you.
You hit the orc warrior.
You kill the orc warrior!
Your Dodging skill increases to level 5!
The orc wizard casts a spell at you.
You feel yourself slow down.
The orc priest mumbles some strange prayers to Beogh against you.
Beogh smites you!
You die...

#..############
#.## # ##.#
#..# ##.##
##### #..#
#..)# #.##
#...# ##.#
#...# #@##
##)## ##o# ♣♣.♣
#o.# ♣.♣♣ #(##
♣♣.♣ ##(# ♣.♣♣
#(## ♣♣.♣♣
...########.#
♣.♣.♣♣
...(.([o....#
♣....♣
..###.....#..#
#....#


You could see an orc priest and an orc wizard.

Vanquished Creatures
  Grinder (D:6)
  Eustachio (D:6)
  Duvessa (D:6)
  An orc warrior (D:6)
  A sky beast (D:5)
  A phantom (D:5)
  4 ogres
  2 big kobolds
  A bullfrog (D:6)
  Dowan (D:6)
  A bullfrog zombie (D:5)
  A crimson imp (D:5)
  4 orc wizards
  2 orc priests (D:4)
  Crazy Yiuf (D:6)
  2 iguanas
  5 worker ants
  Natasha (D:2)
  11 adders
  A river rat (Sewer)
  3 adder skeletons
  3 worms
  A dart slug (D:1)
  3 leopard geckos
  13 orcs
  2 ball pythons
  5 bats
  7 giant cockroaches
  4 goblins
  9 hobgoblins
  13 jackals
  5 quokkas
  A frilled lizard (D:1)
  21 kobolds
  11 rats
  A plant (D:5)
145 creatures vanquished.

Vanquished Creatures (others)
  A human (D:2)
  A plant (D:5)
2 creatures vanquished.

Grand Total: 147 creatures vanquished

Notes
Turn   | Place    | Note
-------+----------+-------------------------------------------
     0 | D:1      | Folque the Halfling Hunter began the quest for the Orb.
     0 | D:1      | Reached XP level 1. HP: 14/14 MP: 1/1
   100 | D:1      | Reached skill level 6 in Slings
   267 | D:1      | Reached XP level 2. HP: 4/19 MP: 2/2
   797 | D:1      | Reached XP level 3. HP: 22/25 MP: 3/3
  1166 | D:2      | Noticed Natasha
  1179 | D:2      | Killed Natasha
  1179 | D:2      | Reached XP level 4. HP: 11/31 MP: 4/4
  1514 | D:2      | Noticed Natasha
  1718 | D:2      | Found an ancient bone altar of Kikubaaqudgha.
  1723 | D:2      | Noticed a human
  1725 | D:2      | Killed a human
  1803 | D:2      | Reached skill level 7 in Slings
  2125 | D:3      | Found a runed door.
  2142 | D:3      | Noticed a bullfrog
  2143 | D:3      | Noticed whitewolfNL's ghost (amateur OpTm)
  2252 | D:3      | Reached XP level 5. HP: 36/36 MP: 5/5
  2282 | D:3      | Noticed an ogre
  2340 | D:3      | Killed an ogre
  2340 | D:3      | Reached skill level 8 in Slings
  2340 | D:3      | Reached XP level 6. HP: 42/42 MP: 6/6
  2686 | D:4      | Found a deep blue altar of Sif Muna.
  2686 | D:4      | Found a stormy altar of Qazlal.
  2764 | D:4      | Found a sacrificial altar of Ru.
  2796 | D:4      | Reached skill level 1 in Evocations
  2803 | D:4      | Reached skill level 1 in Shields
  2932 | D:4      | Reached XP level 7. HP: 40/46 MP: 8/8
  3220 | D:4      | Reached skill level 1 in Short Blades
  3280 | D:4      | Found a sparkling altar of Nemelex Xobeh.
  3281 | D:4      | Found an opulent altar of Gozag.
  3558 | D:5      | Entered Level 5 of the Dungeon
  3780 | D:5      | Reached XP level 8. HP: 38/52 MP: 9/9
  3936 | D:5      | Reached skill level 1 in Armour
  3936 | D:5      | Reached skill level 5 in Shields
  4106 | D:5      | Found a glowing drain.
  4113 | Sewer    | Entered a sewer
  4233 | Sewer    | Found a white marble altar of Elyvilon.
  4620 | D:5      | Found an ornate altar of the Wu Jian Council.
  5260 | D:6      | Noticed Grinder
  5290 | D:6      | Killed Grinder
  5290 | D:6      | Reached XP level 9. HP: 43/56 MP: 10/10
  5429 | D:6      | Noticed Duvessa
  5429 | D:6      | Noticed Dowan
  5429 | D:6      | Noticed Eustachio
  5453 | D:6      | Killed Dowan
  5461 | D:6      | Killed Duvessa
  5461 | D:6      | Reached skill level 5 in Stealth
  5469 | D:6      | Killed Eustachio
  5469 | D:6      | Reached skill level 5 in Armour
  5612 | D:6      | Found a runed door.
  5617 | D:6      | Noticed Crazy Yiuf
  5630 | D:6      | Killed Crazy Yiuf
  5915 | D:6      | Reached skill level 5 in Dodging
  5916 | D:6      | Killed from afar by an orc priest

Skill      XL: |  1  2  3  4  5  6  7  8  9 |
---------------+----------------------------+-----
Slings         | 6 7 8 |  8.3
Fighting       | 2 3 |  3.1
Dodging        | 3 4 5 |  5.1
Evocations     | 2 |  2.2
Shields        | 2 4 6 |  6.0
Short Blades   | 2 3 |  3.0
Armour         | 4 5 |  5.0
Stealth        | 3 6 |  6.0

Action                   |  1- 3 |  4- 6 |  7- 9 || total
-------------------------+-------+-------+-------++-------
Melee: Short sword       |    71 |   147 |   237 ||   455
       Dagger            |       |       |     8 ||     8
 Fire: Hunting sling     |    13 |    46 |   107 ||   166
 Abil: Evoke Berserk Rag |       |     1 |     7 ||     8
  Use: Potion            |       |     2 |     6 ||     8
       Scroll            |       |       |    13 ||    13
 Stab: Sleeping          |       |     3 |     3 ||     6
  Eat: Chunk             |     1 |     6 |    17 ||    24
Armor: Leather armour    |    15 |    18 |    23 ||    56
Dodge: Dodged            |    55 |   141 |   140 ||   336
Block: Buckler           |       |       |    55 ||    55
